 Dungeon Crawl Stone Soup version 0.28.0 (webtiles) character file.

Game seed: 2963173026875196733

26 Gabide the Grave Robber (level 2, -1/19 HPs)
             Began as a Mummy Necromancer on Feb 15, 2022.
             Slain by an adder (3 damage)
             ... on level 2 of the Dungeon.
             The game lasted 00:01:47 (1240 turns).

Gabide the Grave Robber (Mummy Necromancer)         Turns: 1240, Time: 00:01:48

Health: -1/19      AC:  2    Str: 11    XL:     2   Next: 89%
Magic:  1/6        EV: 12    Int: 14    God:
Gold:   46         SH:  0    Dex: 12    Spells: 6/7 levels left

rFire   x . .      SeeInvis .   (no weapon)
rCold   + . .      Faith    .   (no shield)
rNeg    + + +      Spirit   .   a - +0 robe
rPois   ∞          Reflect  .   (no helmet)
rElec   .          Harm     .   (no cloak)
rCorr   .          Rampage  .   (no gloves)
Will    .....                   (no boots)
Stlth   ++........              (no amulet)
HPRegen 0.06/turn               d - ring of willpower
MPRegen 0.10/turn               (no ring)

@: weak-willed
A: cold resistance 1, negative energy resistance 3, torment resistance 2, heat
vulnerability 1, no potions
a: no special abilities


You were on level 2 of the Dungeon.
You visited 1 branch of the dungeon, and saw 2 of its levels.

You collected 46 gold pieces.

Inventory:

Armour
 a - a +0 robe (worn)
Jewellery
 d - a ring of willpower (left hand)


   Skills:
 * Level 1.6 Dodging
 + Level 1.5 Stealth
 * Level 3.3 Spellcasting
 * Level 4.6 Necromancy


You had 6 spell levels left.
You knew the following spells:

 Your Spells              Type           Power      Damage    Failure   Level
a - Pain                  Necr           60%        1d7       3%          1

Your spell library contained the following spells:

 Spells                   Type           Power      Damage    Failure   Level
 Animate Skeleton         Necr           30%        N/A       3%          1
 Vampiric Draining        Necr           15%        2d7       10%         3
 Shock                    Conj/Air       8%         1d3       21%         1
 Animate Dead             Necr           7%         N/A       30%         4
 Stone Arrow              Conj/Erth      4%         3d7       52%         3
 Agony                    Necr           15%        N/A       65%         5
 Polar Vortex             Ice            1%         N/A       100%        9


Dungeon Overview and Level Annotations

Branches:
Dungeon (2/15)

Altars:

Shops:
D:1 (


Innate Abilities, Weirdness & Mutations

You are immune to poison.
Your flesh is cold resistant. (rC+)
You are immune to negative energy. (rN+++)
You are immune to unholy pain and torment.
You are vulnerable to heat. (rF-)
You do not drink.


Message History

You kill the adder!
The adder bites you. The adder closely misses you.
Your Spellcasting skill increases to level 3!
You are too depleted to draw on your mana recklessly!
You are too depleted to draw on your mana recklessly!
You are too depleted to draw on your mana recklessly!
You are too depleted to draw on your mana recklessly!
You are too depleted to draw on your mana recklessly!
You are too depleted to draw on your mana recklessly!
You are too depleted to draw on your mana recklessly!
You are too depleted to draw on your mana recklessly!
You are too depleted to draw on your mana recklessly!
You are too depleted to draw on your mana recklessly!
You are too depleted to draw on your mana recklessly!
You are too depleted to draw on your mana recklessly!
A bat comes into view.
You hit the adder.
The adder is moderately wounded.
The adder bites you.
You barely miss the adder.
The adder is moderately wounded.
The adder closely misses you. x2
You barely miss the adder.
The adder is moderately wounded.
The adder bites you.
You hit the adder but do no damage.
The adder is moderately wounded.
The adder bites you.
* * * LOW HITPOINT WARNING * * *
You can't drink.
As you read the scroll labelled CACWAMI RIRPHA, it crumbles to dust.
The creatures around you are filled with an inner flame!
It was a scroll of immolation.
The adder bites you.
* * * LOW HITPOINT WARNING * * *
The adder barely misses you.
As you read the scroll labelled HUONEQ WOSKIME, it crumbles to dust.
Magic quickly surges around you.
It was a scroll of vulnerability.
The adder bites you but does no damage. The adder bites you.
You die...

#.. #.# #.#
#.# #.# #.#
#># #<# #@#
###########S#
#.......K...#
#.......#####
#.##.##.# #
.K# $.## ##.
(.


You could see an adder (inner flame, weak-willed).

Vanquished Creatures
  An adder (D:2)
  A dart slug (D:1)
  2 giant cockroaches (D:1)
  2 goblins (D:1)
  2 quokkas (D:1)
  2 ball pythons (D:1)
  2 bats (D:1)
  A kobold (D:1)
  2 rats (D:1)
15 creatures vanquished.

Notes
Turn   | Place    | Note
-------+----------+-------------------------------------------
     0 | D:1      | Gabide the Mummy Necromancer began the quest for the Orb.
     0 | D:1      | Reached XP level 1. HP: 13/13 MP: 4/4
    21 | D:1      | Found Imioteo's Weapon Emporium.
   286 | D:1      | Got the Guide on Hurtful Snow
   369 | D:1      | Reached XP level 2. HP: 19/19 MP: 1/5
  1240 | D:2      | Slain by an adder

Illustrated notes

Levels and vault maps discovered:
D:1:      eino_arrival_cavern_b, layout_basic, serial_shops,
          nicolae_shop_temple_entry_statues_fountains
D:2:      layout_loops_ring, hellmonk_ecumenical_altar_leap_of_faith,
          mrwooster_statue_mirror, kennysheep_pointless_box, minmay_tall_x,
          uniq_terence

Skill      XL: |  1  2 |
---------------+-------+-----
Spellcasting   | 3 |  3.3
Dodging        | |  1.6
Stealth        | |  1.5
Necromancy     | |  4.6

Action                   || total
-------------------------++-------
Melee: Unarmed           ||     9
 Cast: Pain              ||    34
  Use: Scroll            ||     2
Armor: Robe              ||     2
Dodge: Dodged            ||     7
